 Dungeon Crawl Stone Soup version 0.28-a0-1344-g6b9ff3a05d (webtiles) character file.

Game seed: 11968972742754545128

310 Deminshera the Shooter (level 6, 0/40 HPs)
             Began as a Deep Elf Hunter on Dec 29, 2021.
             Slain by Sigmund (16 damage)
             ... on level 4 of the Dungeon.
             The game lasted 00:06:35 (5277 turns).

Deminshera the Shooter (Deep Elf Hunter)            Turns: 5277, Time: 00:06:35

Health: 0/40       AC:  3    Str: 11    XL:     6   Next: 18%
Magic:  8/8        EV: 12    Int: 16    God:
Gold:   153        SH:  0    Dex: 17    Spells: 5/5 levels left

rFire   . . .      SeeInvis .   a - +1 shortbow
rCold   . . .      Faith    .   (shield currently unavailable)
rNeg    . . .      Spirit   .   c - +0 leather armour
rPois   .          Reflect  .   (no helmet)
rElec   .          Harm     .   (no cloak)
rCorr   .          Rampage  .   (no gloves)
Will    .....      Rage     1%  (no boots)
Stlth   +.........              (no amulet)
HPRegen 0.13/turn               (no ring)
MPRegen 0.11/turn               (no ring)

@: confused
A: agile 1, berserk 1, wild magic 1
a: no special abilities


You were on level 4 of the Dungeon.
You visited 1 branch of the dungeon, and saw 4 of its levels.

You collected 153 gold pieces.

Inventory:

Hand Weapons
 a - a +1 shortbow (weapon)
 b - a +0 short sword
Missiles
 d - 25 arrows (quivered ammo)
Armour
 c - a +0 leather armour (worn)
Jewellery
 e - a +4 ring of protection
 p - a +6 ring of dexterity
Scrolls
 f - a scroll of noise
 j - a scroll of teleportation {unknown}
 k - a scroll of vulnerability {unknown}
 l - a scroll of identify {unknown}
 m - a scroll of amnesia {unknown}
Potions
 o - a potion of curing {unknown}


   Skills:
 + Level 4.8 Fighting
 - Level 6.0 Bows
 - Level 2.4 Dodging
 - Level 3.0 Stealth


You had 5 spell levels left.
You didn't know any spells.
Your spell library was empty.

Dungeon Overview and Level Annotations

Branches:
Dungeon (4/15)
 Temple: D:4-7

Altars:

Annotations:
D:4 Sigmund


Innate Abilities, Weirdness & Mutations

You are agile. (Dex +2)
You tend to lose your temper in combat.
Your spells are a little harder to cast, but a little more powerful.


Message History

Sigmund casts a spell at you. You resist with some effort.
Fire: 30 arrows
Press: ? - help, Q - select action Shift-Dir - straight line, f/p - Sigmund
Aim: Sigmund, wielding a +3 vorpal scythe and wearing a +0 robe (moderately wounded, 63% to hit)
You shoot an arrow.
The arrow hits Sigmund but does no damage.
Sigmund is moderately wounded.
Sigmund hits you from afar with a +3 vorpal scythe.
Fire: 29 arrows
Press: ? - help, Q - select action Shift-Dir - straight line, f/p - Sigmund
Aim: Sigmund, wielding a +3 vorpal scythe and wearing a +0 robe (moderately wounded, 63% to hit)
You shoot an arrow. The arrow hits Sigmund!
Sigmund is heavily wounded.
Fire: 28 arrows
Press: ? - help, Q - select action Shift-Dir - straight line, f/p - Sigmund
Aim: Sigmund, wielding a +3 vorpal scythe and wearing a +0 robe (heavily wounded, 63% to hit)
You shoot an arrow.
The arrow hits Sigmund but does no damage.
Sigmund is heavily wounded.
Sigmund hits you from afar with a +3 vorpal scythe!
Fire: 27 arrows
Press: ? - help, Q - select action Shift-Dir - straight line, f/p - Sigmund
Aim: Sigmund, wielding a +3 vorpal scythe and wearing a +0 robe (heavily wounded, 63% to hit)
You shoot an arrow. The arrow hits Sigmund!
Sigmund is almost dead.
Sigmund casts a spell at you.
You are confused.
Non-targeted confused fire: 26 arrows
Press: ? - help, Q - select action Dir - look around, f - activate You shoot an arrow.
Sigmund says, "Look into my eyes."
Sigmund hits you but does no damage.
Non-targeted confused fire: 25 arrows
Press: ? - help, Q - select action Dir - look around, f - activate
Okay, then.
In your confused state, you trip and fall back down the stairs.
Sigmund misses you.
Sigmund hits you from afar with a +3 vorpal scythe!
You die...

######## #..(...#
#......# #......#
##......# #.@.....#
#(......#
#####.@##########
#....((# #.....
#.###(#####......
#.###(....o......
#.##((...((....(o
######.#.(#......(...o
#........##.#.#.......


You could see Sigmund.

Vanquished Creatures
  A black bear (D:3)
  A jelly (D:4)
  Jessica (D:2)
  2 orc wizards
  4 adders (D:2)
  4 dart slugs
  7 orcs
  5 bats
  7 endoplasms
  A giant cockroach (D:2)
  4 goblins
  6 hobgoblins
  6 kobolds
  2 quokkas
  7 ball pythons
  5 frilled lizards
  5 rats
68 creatures vanquished.

Notes
Turn   | Place    | Note
-------+----------+-------------------------------------------
     0 | D:1      | Deminshera the Deep Elf Hunter began the quest for the Orb.
     0 | D:1      | Reached XP level 1. HP: 12/12 MP: 3/3
   902 | D:1      | Reached XP level 2. HP: 16/16 MP: 4/4
  1302 | D:1      | Reached skill level 6 in Bows
  1302 | D:1      | Reached XP level 3. HP: 12/20 MP: 5/5
  2027 | D:2      | Reached XP level 4. HP: 27/27 MP: 6/6
  2125 | D:2      | Noticed Jessica
  2128 | D:2      | Killed Jessica
  2393 | D:3      | Found a faded altar of an unknown god.
  2972 | D:3      | Noticed a black bear
  2981 | D:3      | Killed a black bear
  2982 | D:3      | Reached XP level 5. HP: 2/33 MP: 7/7
  3492 | D:4      | Noticed Sigmund
  3492 | D:4      | Noticed a water moccasin
  3495 | D:3      | Gained mutation: You tend to lose your temper in combat.
                  | [potion of mutation]
  3495 | D:3      | Gained mutation: You are agile. (Dex +2) [potion of
                  | mutation]
  3495 | D:3      | Gained mutation: Your spells are a little harder to cast,
                  | but a little more powerful. [potion of mutation]
  4024 | D:4      | Reached XP level 6. HP: 39/39 MP: 8/8
  5277 | D:4      | Slain by Sigmund

Illustrated notes

Levels and vault maps discovered:
D:1:      dpeg_cavernosity, layout_basic, serial_corexii_hall,
          corexii_hall_statues_t, corexii_hall_statues_x,
          chequers_hall_statues_corner_a, chequers_hall_statues_wall_a
D:2:      layout_basic, uniq_jessica
D:3:      layout_loops_ring, basic_ecumenical_altar, minmay_misc_feat_encased,
          serial_bayou_pond_d, minmay_misc_feat_x, minivault_11
D:4:      layout_rooms, uniq_sigmund

Skill      XL: |  1  2  3  4 |
---------------+-------------+-----
Stealth        | 2 3 |  3.0
Bows           | 6 |  6.0
Fighting       | 2 4 |  4.8
Dodging        | |  2.4

Action                   |  1- 3 |  4- 6 || total
-------------------------+-------+-------++-------
Melee: Short sword       |     7 |       ||     7
 Fire: Shortbow          |    90 |   160 ||   250
  Use: Potion            |       |     4 ||     4
       Scroll            |       |     2 ||     2
Armor: Leather armour    |     8 |    13 ||    21
Dodge: Dodged            |    10 |    39 ||    49

Table legend: (Time is in decaauts)
 A = Elapsed time spent in this place.
 B = Non-inter-level travel time spent in this place.
 C = Inter-level travel time spent in this place.
 D = Time resting spent in this place.
 E = Time spent auto-exploring this place.
 F = Levels seen in this place.
 G = Mean time per level.
                   A        B        C        D        E       F      G
               +--------+--------+--------+--------+--------+-----+--------+
         Total |   5283 |   5175 |    108 |   2687 |   2035 |   4 | 1320.8 |
       Dungeon |   5283 |   5175 |    108 |   2687 |   2035 |   4 | 1320.8 |
               +--------+--------+--------+--------+--------+-----+--------+

Top non-repeatable levels by time:
     D:3: 2332 daAuts
     D:1: 1730 daAuts
     D:4: 674 daAuts
     D:2: 546 daAuts
